 Dungeon Crawl Stone Soup version 0.31.0-11-ge490571c62 (webtiles) character file.

Game seed: 16726183614552401022

223 snarfax the Chopper (level 5, -2/45 HPs)
             Began as a Minotaur Fighter on Jan 29, 2024.
             Incinerated by a bombardier beetle (7 damage)
             ... with a burning spray
             ... on level 4 of the Dungeon.
             The game lasted 00:09:52 (2080 turns).

snarfax the Chopper (Minotaur Fighter)              Turns: 2080, Time: 00:09:53

Health: -2/45      AC: 12    Str: 23    XL:     5   Next: 66%
Magic:  4/4        EV:  6    Int:  5    God:
Gold:   148        SH:  4    Dex:  9    Spells: 4/4 levels left

rFire   . . .        a - +0 war axe
rCold   . . .        c - +0 buckler
rNeg    . . .        p - +0 plate armour
rPois   .            (helmet restricted)
rElec   .            (no cloak)
rCorr   .            (no gloves)
SInv    .            (no boots)
Will    .....        (no amulet) Stlth
                     (no ring)
HPRegen 0.27/turn    (no ring)
MPRegen 0.09/turn

%: no passive effects
@: mighty, on fire, glowing
A: horns 2, retaliatory headbutt
a: no special abilities


You were on level 4 of the Dungeon.
You visited 1 branch of the dungeon, and saw 4 of its levels.

You collected 148 gold pieces.

Inventory:

Hand Weapons
 a - a +0 war axe (weapon)
Missiles
 i - 7 poisoned darts (quivered)
 m - 4 datura-tipped darts
Armour
 b - a +0 scale mail
 c - a +0 buckler (worn)
 p - a +0 plate armour (worn)
Jewellery
 k - a ring of positive energy
Scrolls
 e - a scroll of amnesia {unknown}
 f - a scroll of identify {unknown}
 l - a scroll of butterflies {unknown}
 n - a scroll of poison {unknown}
 o - a scroll of teleportation {unknown}
Potions
 d - a potion of might
 g - 2 potions of heal wounds {unknown}


   Skills:
 - Level 3.6 Fighting
 * Level 5.4 Axes
 + Level 4.9 Armour
 + Level 4.9 Shields


You had 4 spell levels left.
You didn't know any spells.
Your spell library contained the following spells:

 Spells                   Type           Power      Damage    Failure   Level
 Shock                    Conj/Air       0%         1d3       100%        1
 Ozocubu's Armour         Ice            0%         N/A       100%        3
 Swiftness                Air            0%         N/A       100%        3
 Airstrike                Air            0%         2d(0-16)  100%        4
 Metabolic Englaciation   Hex/Ice        0%         N/A       100%        5
 Sculpt Simulacrum        Ice/Alch       0%         N/A       100%        6


Dungeon Overview and Level Annotations

Branches:
Dungeon (4/15)
 Temple: D:4-7

Altars:
Gozag
Uskayaw

Portals:
Ossuary: D:4

Annotations:
D:3 1 runed translucent door, asd2613's ghost, novice DsAl


Innate Abilities, Weirdness & Mutations

You have a pair of horns on your head.
You reflexively headbutt those who attack you in melee.


Message History

Throw: 9 darts (poison)
Press: ? - help, Q - select action, (/) - cycle Shift-Dir - straight line, f/p - gnoll
Aim: a gnoll, wielding a +0 halberd (lightly wounded, poisoned, 54% to hit)
You throw a poisoned dart. The poisoned dart hits the gnoll.
The gnoll looks even sicker.
The gnoll is lightly wounded.
Throw: 8 darts (poison)
Press: ? - help, Q - select action, (/) - cycle Shift-Dir - straight line, f/p - gnoll
Aim: a gnoll, wielding a +0 halberd (lightly wounded, very poisoned, 54% to hit)
You throw a poisoned dart. The poisoned dart hits the gnoll.
The gnoll looks even sicker.
The gnoll is lightly wounded.
You see here 5 stones.
The gnoll barely misses you.
You kill the gnoll!
Things that are here:
a +0 halberd; a gnoll corpse You hear the slow hiss of a very distant avalanche of sand.
You see here 5 stones.
The bombardier beetle sprays incendiary fluid at you.
The burning spray hits you.
You are covered in liquid fire!
You see here a poisoned dart.
You barely miss the bombardier beetle. The liquid fire burns you!
The bombardier beetle sprays incendiary fluid at you.
The burning spray hits you.
You are even more covered in liquid fire!
You slash the bombardier beetle!
The bombardier beetle is heavily wounded.
The liquid fire burns you!
* * * LOW HITPOINT WARNING * * *
You feel very mighty all of a sudden. The liquid fire burns you!
* * * LOW HITPOINT WARNING * * *
You block the bombardier beetle's attack.
You slash the bombardier beetle!
The bombardier beetle is almost dead.
The liquid fire burns you!
You die...

#........#
#........#
#........#########
#####>...........#
############.# #(#
#.# #B# #@# #.#
#.# #.# #.#
################(#
..............)..#
################.#
###


You could see a bombardier beetle.

Vanquished Creatures
  A bombardier beetle (D:3)
  Jessica (D:2)
  4 gnolls (D:4)
  5 adders
  3 dart slugs
  2 ribbon worms (D:3)
  An orc (D:4)
  A ball python (D:1)
  9 endoplasms
  8 giant cockroaches
  4 goblins
  5 hobgoblins
  2 quokkas
  9 bats
  9 frilled lizards
  5 kobolds
  3 rats
72 creatures vanquished.

Notes
Turn   | Place    | Note
-------+----------+-------------------------------------------
     0 | D:1      | snarfax the Minotaur Fighter began the quest for the Orb.
     0 | D:1      | Reached XP level 1. HP: 19/19 MP: 0/0
    80 | D:1      | Reached skill level 3 in Axes
    80 | D:1      | Reached XP level 2. HP: 23/26 MP: 1/1
   438 | D:1      | Reached XP level 3. HP: 31/31 MP: 2/2
   647 | D:2      | Found a hide-covered altar of Uskayaw.
   651 | D:2      | Noticed Jessica
   653 | D:2      | Killed Jessica
   654 | D:2      | Reached skill level 4 in Axes
   694 | D:2      | Reached XP level 4. HP: 38/39 MP: 3/3
   930 | D:2      | Found a faded altar of an unknown god.
  1165 | D:2      | You fall into a shaft and drop 1 floor!
  1165 | D:3      | Found a runed translucent door.
  1168 | D:3      | Noticed asd2613's ghost (novice DsAl)
  1494 | D:3      | Found an opulent altar of Gozag.
  1604 | D:3      | Reached skill level 5 in Axes
  1604 | D:3      | Reached XP level 5. HP: 45/45 MP: 4/4
  1886 | D:4      | Found a sand-covered staircase.
  2080 | D:4      | Incinerated by a bombardier beetle

Illustrated notes

Levels and vault maps discovered:
D:1:      spicycebolla_arrival_xxxplode, layout_basic, minmay_tetromino_o4
D:2:      layout_loops_ring, basic_ecumenical_altar, basic_altar,
          minmay_worlds_worst_comb, uniq_jessica
D:3:      layout_loops_cross, mainiacjoe_overflow_surrounded_room,
          gammafunk_ghost_grave
D:4:      layout_basic, nicolae_ossuary_entry_false_entrances

Skill      XL: |  1  2  3  4 |
---------------+-------------+-----
Axes           | 3 4 5 |  5.4
Armour         | 4 |  4.9
Shields        | 4 |  4.9
Fighting       | |  3.6

Action                     |  1- 3 |  4- 6 || total
---------------------------+-------+-------++-------
  Melee: War axe           |    61 |    95 ||   156
         Headbutt          |     7 |    14 ||    21
  Throw: Dart              |       |     4 ||     4
    Use: Scroll            |       |     3 ||     3
         Potion            |       |     1 ||     1
 Armour: Scale mail        |    37 |    34 ||    71
         Plate armour      |       |    26 ||    26
  Dodge: Dodged            |    24 |    42 ||    66
  Block: Buckler           |    15 |    23 ||    38
